 Dungeon Crawl Stone Soup version 0.25.1-2-g60ff931df9 (webtiles) character file.

Game seed: 11674409663242377751

679 nikku the Chiller (level 7, -8/36 HPs)
             Began as a Deep Elf Ice Elementalist on Dec 9, 2020.
             Was an Initiate of Vehumet.
             Mangled by an ice beast (14 damage)
             ... on level 5 of the Dungeon.
             The game lasted 00:15:31 (5682 turns).

nikku the Chiller (Deep Elf Ice Elementalist)       Turns: 5682, Time: 00:15:32

Health: -8/36      AC:  4    Str:  7    XL:     7   Next: 34%
Magic:  18/18      EV: 15    Int: 20    God:    Vehumet [......]
Gold:   192        SH:  0    Dex: 15    Spells: 6/18 levels left

rFire    . . .     SeeInvis .   s - +2 war axe (vamp)
rCold    . . .     Gourm    .   (no shield)
rNeg     . . .     Faith    .   a - +0 robe
rPois    .         Spirit   .   (no helmet)
rElec    .         Reflect  .   v - +0 cloak
rCorr    .         Harm     .   (no gloves)
MR       .....                  r - +0 pair of boots
Stlth    ++........             j - amulet of regeneration
HPRegen  0.52/turn              (no ring)
MPRegen  0.16/turn              (no ring)

@: no status effects
A: no striking features
a: Renounce Religion


You were on level 5 of the Dungeon.
You worshipped Vehumet.
Vehumet was noncommittal.
You were near starving.

You visited 2 branches of the dungeon, and saw 6 of its levels.

You collected 192 gold pieces.

Inventory:

Hand Weapons
 s - a +2 vampiric war axe (weapon)
Missiles
 k - 130 stones (quivered)
Armour
 a - a +0 robe (worn)
 d - a cursed +0 ring mail
 r - a +0 pair of boots (worn)
 v - a +0 cloak (worn)
Jewellery
 j - an amulet of regeneration (around neck)
Wands
 u - a wand of flame (17)
Scrolls
 g - 2 scrolls of identify
 h - 2 scrolls of teleportation
 m - 5 scrolls of remove curse
Potions
 e - 2 potions of heal wounds
 f - a potion of might {unknown}
 i - 2 potions of brilliance
 l - a potion of haste {unknown}
 n - a potion of lignification
 o - a potion of curing
 p - a potion of ambrosia {unknown}
 q - a potion of cancellation {unknown}
 t - a potion of flight {unknown}
Comestibles
 c - 11 rations


   Skills:
 + Level 5.6 Dodging
 - Level 2.4 Stealth
 + Level 6.2 Spellcasting
 + Level 2.0 Conjurations
 + Level 1.9 Summonings
 + Level 6.5 Ice Magic


You had 6 spell levels left.
You knew the following spells:

 Your Spells              Type           Power        Failure   Level  Hunger
a - Freeze                Ice            ####         1%          1    None
b - Hailstorm             Conj/Ice       ###.....     17%         4    ####...
c - Frozen Ramparts       Ice            ####..       2%          3    ##.....
d - Summon Ice Beast      Ice/Summ       ###.....     19%         4    ####...

Your spell library contained the following spells:

 Spells                   Type           Power        Failure   Level  Hunger
 Ozocubu's Armour         Chrm/Ice       ###.....     9%          3    ##.....
 Animate Skeleton         Necr           N/A          11%         1    None
 Pain                     Necr           #...         11%         1    None
 Vampiric Draining        Necr           #.........   30%         3    ##.....
 Animate Dead             Necr           N/A          71%         4    ####...
 Agony                    Necr           #.......     96%         5    #####..


Dungeon Overview and Level Annotations

Branches:
Dungeon (5/15)             Temple (1/1) D:5

Altars:
Ashenzari
Cheibriados
Dithmenos
Elyvilon
Fedhas
Gozag
Hepliaklqana
Kikubaaqudgha
Makhleb
Okawaru
Qazlal
Ru
Sif Muna
Trog
Uskayaw
Vehumet
Wu Jian
Xom
Yredelemnul
Zin
The Shining One


Message History

You see here an arrow.
An ice beast comes into view.
The helpless ice beast fails to defend itself.
You hit the ice beast but do no damage. The ice beast barely misses you.
You hit the ice beast but do no damage. The ice beast hits you.
The ice beast freezes you! The ice beast closely misses you.
You slash the ice beast!
You feel better.
The ice beast is moderately wounded.
The ice beast hits you. The ice beast freezes you!
* * * LOW HITPOINT WARNING * * *
You are near starving!
The ice beast misses you.
You hit the ice beast.
You feel better.
The ice beast is moderately wounded.
The ice beast hits you. The ice beast freezes you!
* * * LOW HITPOINT WARNING * * *
The ice beast hits you.
* * * LOW HITPOINT WARNING * * *
The ice beast freezes you!
You die...

#.........##...
##.........##...
#..(....#####... #.......#
#... #.......#####...
######...........#...
...................##
############...........####
#........Y@....)........>..
##.###########..##(.(...####
#....# #######(#######..#
#....# #.....(.......#..#
#....# #.............#..#
#####....#
#......:......#..#
#........+
#......♣......#..+
#.###....#
#....##.##....#..# #.#
#....# #....#...#....#..#


You could see an ice beast.

Vanquished Creatures
  A phantom (D:4)
  A centaur (D:5)
  A scorpion (D:4)
  A howler monkey (D:5)
  A hound (D:4)
  A bullfrog skeleton (D:4)
  An orc priest (D:4)
  2 orc wizards (D:4)
  Natasha (thrice) (D:2)
  A worker ant (D:4)
  4 gnolls (D:4)
  6 adders
  A worm (D:2)
  A dart slug (D:2)
  4 leopard geckos
  8 orcs
  A ball python (D:2)
  3 giant cockroaches
  7 goblins
  6 hobgoblins
  9 jackals
  9 kobolds
  4 quokkas
  7 bats
  6 frilled lizards
  A leopard gecko skeleton (D:4)
  5 rats
95 creatures vanquished.

Notes
Turn   | Place    | Note
-------+----------+-------------------------------------------
     0 | D:1      | nikku the Deep Elf Ice Elementalist began the quest for the
                  | Orb.
     0 | D:1      | Reached XP level 1. HP: 10/10 MP: 6/6
   402 | D:1      | Reached XP level 2. HP: 15/15 MP: 5/8
   949 | D:1      | Reached XP level 3. HP: 18/19 MP: 5/10
  1425 | D:2      | Learned a level 3 spell: Frozen Ramparts
  1426 | D:2      | Found a shattered altar of Ashenzari.
  1495 | D:2      | Reached skill level 5 in Ice Magic
  1635 | D:2      | Reached XP level 4. HP: 18/24 MP: 7/12
  2509 | D:2      | Noticed Natasha
  2515 | D:2      | Killed Natasha
  2699 | D:2      | Noticed Natasha
  2710 | D:2      | Killed Natasha
  2710 | D:2      | Reached XP level 5. HP: 28/28 MP: 8/14
  2903 | D:2      | Found a shattered altar of Ashenzari.
  3021 | D:2      | Noticed Natasha
  3029 | D:2      | Killed Natasha
  3235 | D:3      | Reached skill level 5 in Spellcasting
  3988 | D:3      | Learned a level 4 spell: Hailstorm
  3993 | D:3      | Learned a level 4 spell: Summon Ice Beast
  4084 | D:4      | Reached XP level 6. HP: 32/32 MP: 13/16
  4177 | D:4      | Reached skill level 5 in Dodging
  4359 | D:4      | Reached skill level 1 in Conjurations
  4359 | D:4      | Reached skill level 1 in Summonings
  4543 | D:4      | Reached XP level 7. HP: 22/36 MP: 12/18
  4679 | D:4      | Got a steaming leather armour
  4746 | D:4      | Identified the cursed +0 leather armour "Utajakega" {+Blink
                  | rPois rN+ Str-5} (You found it on level 4 of the Dungeon)
  5077 | D:5      | Entered Level 5 of the Dungeon
  5151 | D:5      | Found a staircase to the Ecumenical Temple.
  5158 | Temple   | Entered the Ecumenical Temple
  5477 | Temple   | Became a worshipper of Vehumet
  5682 | D:5      | Mangled by an ice beast

Illustrated notes

Levels and vault maps discovered:
D:1:      dpeg_arrival_windows_large_door, layout_loops_ring, dk_noncrumbling_3,
          hangedman_abyss_or_decor_stabs
D:2:      wad_pebble_path, layout_basic, first_ration, ashenzari_altar_1,
          uniq_natasha
D:3:      layout_basic, hex_intersection
D:4:      layout_loops_cross
D:5:      layout_basic, nemelex_xobeh_ov_fountains_minmay,
          minmay_temple_entry_statues_fountains, kennysheep_generic_room_2
Temple:   roderic_octagonal_lattice_temple

Skill      XL: |  1  2  3  4  5  6  7 |
---------------+----------------------+-----
Dodging        | 3 4 5 |  5.6
Spellcasting   | 4 5 6 |  6.2
Ice Magic      | 5 6 |  6.5
Conjurations   | 1 2 |  2.0
Summonings     | 1 |  1.9
Stealth        | |  2.4

Action                   |  1- 3 |  4- 6 |  7- 9 || total
-------------------------+-------+-------+-------++-------
Melee: Whip              |     4 |       |       ||     4
       Quarterstaff      |     1 |     6 |       ||     7
       War axe           |       |    27 |    21 ||    48
Throw: Stone             |    33 |    49 |     6 ||    88
 Cast: Freeze            |    54 |    31 |     3 ||    88
       Frozen Ramparts   |     1 |    22 |     1 ||    24
  Use: Scroll            |     5 |     9 |     1 ||    15
 Stab: Sleeping          |     1 |       |     2 ||     3
  Eat: Chunk             |     2 |    10 |     2 ||    14
Armor: Robe              |     5 |    13 |     3 ||    21
Dodge: Dodged            |    34 |    50 |    24 ||   108
